 Seeded DCSS version 0.30-a0-726-gd89dcf765f (webtiles) character file.

Game seed: 5039628121875799760 (custom seed)

26884 tkbsonic5 the Cleaver (level 13, 0/109 HPs)
             Began as a Demonspawn Fighter on Jan 29, 2023.
             Was an Elder of Okawaru.
             Slain by a cane toad (2 damage)
             ... on level 5 of the Lair of Beasts.
             The game lasted 00:43:17 (15282 turns).

tkbsonic5 the Cleaver (Demonspawn Fighter)         Turns: 15282, Time: 00:43:17

Health: 0/109      AC: 19    Str: 20    XL:     13   Next: 1%
Magic:  0/22       EV:  8    Int:  9    God:    Okawaru [****..]
Gold:   777        SH:  0    Dex: 21    Spells: 12/12 levels left

rFire   + + .      SeeInvis +    F - +6 battleaxe (freeze)
rCold   . . .      Faith    .    (shield currently unavailable)
rNeg    . . .      Spirit   +    r - +0 plate armour
rPois   .          Reflect  .    t - +1 helmet
rElec   .          Harm     .    g - +0 cloak
rCorr   .          Rampage  .    (no gloves)
Will    .....      Clarity  +    o - +0 pair of boots Stlth
                                 q - amulet of guardian spirit
HPRegen 0.38/turn                c - ring of see invisible
MPRegen 0.18/turn                y - ring of magical power

@: confused, lethally poisoned (0 -> -25), ambrosia-drunk
A: thin skeletal structure 3, ignite blood 1, spiny 1, demonic touch 2, clarity,
fire resistance 2
a: Renounce Religion, Heroism, Finesse


You were on level 5 of the Lair of Beasts.
You worshipped Okawaru.
Okawaru was greatly pleased with you.
You visited 2 branches of the dungeon, and saw 15 of its levels.

You collected 777 gold pieces.

Inventory:

Hand Weapons
 a - a +1 war axe of flaming
 b - a +4 dagger of venom
 B - a +0 glaive
 C - a +1 halberd of pain
 D - a +1 spear of freezing
 E - a +0 arbalest
 F - a +6 battleaxe of freezing (weapon)
 I - a -1 demon whip of venom
 L - a +2 heavy dire flail
Missiles
 s - 14 poisoned darts (quivered)
Armour
 f - an orb of wrath
 g - a +0 cloak (worn)
 l - a +1 hat of stealth
 o - a +0 pair of boots (worn)
 r - a +0 plate armour (worn)
 t - a +1 helmet (worn)
 z - a +2 kite shield
 M - an orb of mayhem
Jewellery
 c - a ring of see invisible (left hand)
 q - an amulet of guardian spirit (around neck)
 v - an amulet of faith
 y - a ring of magical power (right hand)
 H - the amulet of the Little Devil {RegenMP rF+ Dex+2}
   (You found it on level 10 of the Dungeon)

   [amulet of magic regeneration]

   It increases your rate of magic regeneration.
   Dex:       It affects your dexterity (+2).
   rF:        It protects you from fire.
 J - an amulet of magic regeneration
Wands
 i - a wand of digging (14)
Scrolls
 h - 7 scrolls of identify
 k - a scroll of amnesia
 N - a scroll of brand weapon
Potions
 j - a potion of resistance
 m - a potion of cancellation
 p - 2 potions of attraction
 u - 2 potions of curing
 w - 4 potions of mutation
 G - 2 potions of brilliance
 K - a potion of magic
Miscellaneous
 x - a lightning rod (inert)


   Skills:
 + Level 12.3 Fighting
 * Level 13.0 Axes
 - Level 2.6 Throwing
 + Level 10.0 Armour
 - Level 2.5 Dodging
 - Level 5.9 Shields


You had 12 spell levels left.
You didn't know any spells.
Your spell library contained the following spells:

 Spells                   Type           Power      Damage    Failure   Level
 Shock                    Conj/Air       0%         1d3       100%        1
 Sublimation of Blood     Necr           0%         N/A       100%        2
 Wereblood                Tmut           0%         N/A       100%        2
 Hailstorm                Conj/Ice       0%         3d3       100%        3
 Ozocubu's Armour         Ice            0%         N/A       100%        3
 Swiftness                Air            0%         N/A       100%        3
 Airstrike                Air            0%         2d(0-16)  100%        4
 Ice Form                 Ice/Tmut       0%         N/A       100%        4
 Metabolic Englaciation   Hex/Ice        0%         N/A       100%        5
 Ozocubu's Refrigeration  Ice            0%         4d7       100%        7
 Simulacrum               Ice/Necr       Unusable   N/A       N/A         6
 Summon Hydra             Summ           Unusable   N/A       N/A         7

Dungeon Overview and Level Annotations

Branches:
Dungeon (11/15)            Temple (0/1) D:7            Lair (3/5) D:8
  Swamp (0/4) Lair:2       Spider (0/4) Lair:2        Slime (0/5) Lair:5
    Orc (0/2) D:10

Altars:
Dithmenos
Gozag
Hepliaklqana
Okawaru
Ru
Xom

Shops:
D:2 (   D:4 =   D:8 *   D:9 *

Annotations:
D:5 1 runed translucent door, Crazy Yiuf
Lair:2 exclusion: oklob plant


Innate Abilities, Weirdness & Mutations

You have an unnaturally thin skeletal structure. (Dex +6, Stealth+++)
Your demonic aura sometimes causes spilled blood to erupt in flames.
You are partially covered in sharp spines.
Your touch may inflict irresistible damage on your foes.
You possess an exceptional clarity of mind.
Your flesh is very heat resistant. (rF++)


Message History

The black mamba bites you but does no damage.
The black mamba attacks as you move away!
The black mamba is struck by your spines.
The black mamba bites you but does no damage.
You feel sick. The cane toad stings you.
The black mamba is struck by your spines.
The black mamba bites you! x2; The cane toad stings you!
The black mamba bites you but does no damage.
Found a stone staircase leading up.
You feel sick. The black mamba closely misses you.
Okay, then.
You feel sick.
You are no longer poisoned.
The black mamba bites you. x2
The black mamba bites you but does no damage.
The black mamba bites you.
You are poisoned.
The black mamba poisons you!
The black mamba bites you but does no damage.
The cane toad attacks as you move away! The cane toad stings you!
* * * LOW HITPOINT WARNING * * *
You are lethally poisoned!
The cane toad poisons you!
* * * LOW HITPOINT WARNING * * *
You feel extremely sick.
The black mamba is struck by your spines.
The black mamba bites you!
* * * LOW HITPOINT WARNING * * *
Okay, then.
Okay, then.
You are confused.
You feel invigorated.
* * * LOW HITPOINT WARNING * * *
You feel extremely sick. The black mamba bites you!
* * * LOW HITPOINT WARNING * * *
The black mamba bites you but does no damage.
The cane toad is engulfed in blazing flames.
The cane toad stings you.
You die...

..............# .....P........#
*## P.....P.......###.##
*********
.............###...##**,,*,,*,*
......).............##,P,,,,,,*
.....................#..,,,,,,**
............Y...........,,,,,,,*
.............Y.S........,,,,,,**
......##P..Y.Y.F@.......,,,,,,,*
##....###......S....<...,,,*****
##.##* ##.#.##...##....,**,* ##*
##########**#P#***** **#


You could see 2 black mambas, 4 yaks and a cane toad.

Vanquished Creatures
  Gastronok (D:10)
  A hydra (Lair:2)
  Erica (D:10)
  6 death yaks
  Nergalle (Lair:2)
  Amaemon (D:10)
  2 cyclopes
  4 elephants (Lair:2)
  Maurice (D:8)
  A black mamba (Lair:1)
  2 gargoyles (D:11)
  4 cane toads
  An orange demon (D:10)
  Maggie (D:7)
  2 unseen horrors
  A rime drake (Lair:3)
  3 komodo dragons
  3 trolls
  2 polar bears (Lair:2)
  4 blink frogs (Lair:1)
  A spriggan (Lair:2)
  2 wraiths
  A vampire (D:10)
  7 wyverns
  A basilisk (D:8)
  32 yaks
  4 water moccasins
  An acid dragon (D:9)
  Duvessa (D:7)
  3 orc warriors
  An ice beast (D:6)
  4 black bears
  2 sky beasts (D:7)
  4 ogres
  3 wolves (Lair:2)
  5 centaurs
  3 phantoms
  A kobold brigand (D:11)
  12 bullfrogs
  3 necrophages
  5 scorpions
  A wight (D:10)
  Dowan (D:7)
  6 jellies
  A killer bee (D:7)
  A howler monkey (D:4)
  2 lava snakes (D:8)
  2 gnoll boudas
  7 orc priests
  3 hounds
  6 orc wizards
  Terence (D:2)
  4 iguanas
  Natasha (thrice) (D:2)
  Robin (D:2)
  16 gnolls
  6 adders
  A shadow imp (D:6)
  2 white imps
  3 ufetubi
  6 worms
  3 dart slugs
  36 orcs
  5 ball pythons
  6 endoplasms
  6 giant cockroaches
  11 goblins
  11 hobgoblins
  9 jackals
  2 quokkas
  11 bats
  A frilled lizard (D:1)
  13 kobolds
  4 rats
329 creatures vanquished.

Vanquished Creatures (others)
  8 fungi
  19 plants
27 creatures vanquished.

Grand Total: 356 creatures vanquished

Notes
Turn   | Place    | Note
-------+----------+-------------------------------------------
     0 | D:1      | tkbsonic5 the Demonspawn Fighter began the quest for the
                  | Orb.
     0 | D:1      | Reached XP level 1. HP: 18/18 MP: 1/1
    51 | D:1      | Reached skill level 2 in Axes
    99 | D:1      | Gained mutation: Your demonic aura sometimes causes spilled
                  | blood to erupt in flames. [demonic ancestry]
    99 | D:1      | Reached XP level 2. HP: 24/24 MP: 2/2
   313 | D:1      | Gained mutation: You have a somewhat thin skeletal
                  | structure. (Dex +2, Stealth+) [demonic ancestry]
   313 | D:1      | Reached XP level 3. HP: 22/29 MP: 3/3
   585 | D:1      | Found a faded altar of an unknown god.
   783 | D:2      | Noticed Robin
   795 | D:2      | Killed Robin
   797 | D:2      | Gained mutation: You have a moderately thin skeletal
                  | structure. (Dex +4, Stealth++) [demonic ancestry]
   797 | D:2      | Reached XP level 4. HP: 29/37 MP: 4/4
   853 | D:2      | Noticed Terence
   862 | D:2      | Killed Terence
  1165 | D:2      | Noticed Natasha
  1171 | D:2      | Killed Natasha
  1172 | D:2      | Reached skill level 3 in Axes
  1256 | D:2      | Noticed Natasha
  1267 | D:2      | Killed Natasha
  1268 | D:2      | Gained mutation: Your touch may inflict minor irresistible
                  | damage on your foes. [demonic ancestry]
  1268 | D:2      | Reached XP level 5. HP: 31/42 MP: 5/5
  1374 | D:2      | Found Syuc Vog's Antique Weapon Shoppe.
  1444 | D:2      | Noticed Natasha
  1454 | D:2      | Killed Natasha
  2543 | D:3      | Found a hazy altar of Hepliaklqana.
  2936 | D:4      | Found Hofate Hoolu's Jewellery Shop.
  2939 | D:4      | Got the Tome of Congelation
  2955 | D:4      | Found a sand-covered staircase.
  3262 | D:4      | Reached XP level 6. HP: 34/49 MP: 6/6
  3702 | D:4      | Reached skill level 4 in Axes
  3762 | D:4      | Reached skill level 5 in Fighting
  4064 | D:5      | Entered Level 5 of the Dungeon
  4217 | D:5      | Gained mutation: You are partially covered in sharp spines.
                  | [demonic ancestry]
  4217 | D:5      | Reached XP level 7. HP: 56/56 MP: 7/7
  4725 | D:5      | Reached skill level 5 in Axes
  4863 | D:5      | Found a runed translucent door.
  4864 | D:5      | Noticed Crazy Yiuf
  4962 | D:6      | Reached XP level 8. HP: 47/64 MP: 8/8
  5754 | D:7      | Reached skill level 6 in Axes
  5768 | D:7      | Noticed Maggie
  5785 | D:7      | Killed Maggie
  5786 | D:7      | Reached skill level 5 in Armour
  5786 | D:7      | Reached skill level 5 in Shields
  5786 | D:7      | Reached XP level 9. HP: 47/72 MP: 9/9
  6187 | D:7      | Found a staircase to the Ecumenical Temple.
  6282 | D:7      | Reached skill level 7 in Axes
  6377 | D:7      | Noticed Duvessa
  6377 | D:7      | Noticed Dowan
  6381 | D:7      | Killed Duvessa
  6383 | D:7      | Killed Dowan
  6575 | D:8      | Found an iron altar of Okawaru.
  6575 | D:8      | Found an opulent altar of Gozag.
  6612 | D:8      | Found Dibot's Elemental Accessories.
  6741 | D:8      | Noticed a boulder beetle
  6941 | D:8      | Noticed a death yak
  6957 | D:8      | Found a staircase to the Lair.
  7150 | D:8      | Upgraded the game from 0.30-a0-723-gc1506a1cf0 to
                  | 0.30-a0-726-gd89dcf765f
  7311 | D:8      | Killed a death yak
  7312 | D:8      | Reached skill level 8 in Axes
  7312 | D:8      | Reached XP level 10. HP: 83/83 MP: 7/10
  7431 | D:8      | Gained mutation: Your flesh is heat resistant. (rF+)
                  | [potion of mutation]
  7431 | D:8      | Gained mutation: You possess an exceptional clarity of
                  | mind. [potion of mutation]
  7431 | D:8      | Gained mutation: Your flesh is very heat resistant. (rF++)
                  | [potion of mutation]
  7627 | D:8      | Noticed Maurice
  7638 | D:8      | Killed Maurice
  8865 | D:9      | Found Tuigri's General Store.
  9107 | D:9      | Noticed a cyclops
  9109 | D:9      | Killed a cyclops
  9110 | D:9      | Reached skill level 1 in Throwing
  9110 | D:9      | Reached skill level 1 in Dodging
  9141 | D:10     | Entered Level 10 of the Dungeon
  9198 | D:10     | Reached skill level 10 in Fighting
  9198 | D:10     | Reached skill level 9 in Axes
  9416 | D:10     | Noticed Erica
  9429 | D:10     | Killed Erica
  9430 | D:10     | Reached XP level 11. HP: 77/90 MP: 8/11
  9568 | D:10     | Found a sacrificial altar of Ru.
  9589 | D:10     | Noticed Gastronok
  9615 | D:10     | Killed Gastronok
  9724 | D:10     | Found a staircase to the Orcish Mines.
  9773 | D:10     | Found a shimmering altar of Xom.
  9773 | D:10     | Found a shadowy altar of Dithmenos.
 10028 | D:10     | Identified the amulet of the Little Devil {RegenMP rF+
                  | Dex+2}
 10053 | D:10     | Noticed Amaemon
 10059 | D:10     | Killed Amaemon
 10490 | D:10     | Reached skill level 10 in Axes
 11652 | Lair:1   | Entered Level 1 of the Lair of Beasts
 12066 | Lair:1   | Reached skill level 11 in Axes
 12137 | Lair:1   | Noticed a death yak
 12139 | Lair:1   | Noticed a death yak
 12417 | D:8      | Became a worshipper of Warmaster Okawaru
 12505 | Lair:1   | Noticed a death yak
 12518 | Lair:1   | Killed a death yak
 12519 | Lair:1   | Gained mutation: You have an unnaturally thin skeletal
                  | structure. (Dex +6, Stealth+++) [demonic ancestry]
 12519 | Lair:1   | Reached XP level 12. HP: 81/100 MP: 12/12
 12590 | Lair:1   | Killed a death yak
 12590 | Lair:1   | Reached * piety under Okawaru
 12599 | Lair:1   | Killed a death yak
 12606 | Lair:1   | Noticed a death yak
 12607 | Lair:1   | Noticed a death yak
 13089 | Lair:1   | Noticed a death yak
 13144 | Lair:1   | Reached ** piety under Okawaru
 13148 | Lair:1   | Killed a death yak
 13151 | Lair:1   | Killed a death yak
 13152 | Lair:1   | Reached skill level 12 in Axes
 13386 | Lair:2   | Found a hole to the Spider Nest.
 13511 | Lair:2   | Reached *** piety under Okawaru
 13964 | Lair:2   | Found the ring of the Octopus King
 14056 | Lair:2   | Noticed Nergalle
 14065 | Lair:2   | Killed Nergalle
 14378 | Lair:2   | Found a staircase to the Swamp.
 14619 | Lair:3   | Noticed a six-headed hydra
 14654 | Lair:2   | Reached **** piety under Okawaru
 14805 | Lair:2   | Killed a six-headed hydra
 15130 | Lair:3   | Reached skill level 13 in Axes
 15139 | Lair:3   | Reached skill level 10 in Armour
 15139 | Lair:3   | Gained mutation: Your touch may inflict irresistible damage
                  | on your foes. [demonic ancestry]
 15139 | Lair:3   | Reached XP level 13. HP: 73/108 MP: 13/13
 15262 | Lair:3   | You fall into a shaft and drop 2 floors!
 15262 | Lair:5   | Entered Level 5 of the Lair of Beasts
 15282 | Lair:5   | HP: 2/109 [black mamba (4)]
 15282 | Lair:5   | Slain by a cane toad

Illustrated notes

Levels and vault maps discovered:
D:1:      dpeg_arrival_tiny_a, layout_loops_cross,
          shapermc_ecumenical_altar_mp_ritualfount,
          nicolae_concentric_dashed_squares_mild
D:2:      layout_basic, serial_shops, nicolae_shop_waterfront, uniq_natasha,
          uniq_robin, uniq_terence
D:3:      layout_basic, mainiacjoe_overflow_boulevard
D:4:      layout_basic, serial_shops, shop, nicolae_ossuary_entry_plus
D:5:      layout_rooms, ebering_dispersal_statue_hall, uniq_crazy_yiuf_cottage
D:6:      nicolae_cairo_tiling, layout_basic
D:7:      dreamdust_elfheim, layout_cave_pools, zin_statuary,
          minmay_temple_entry_waves, hangedman_minor_gate_pass, uniq_maggie
D:8:      layout_loops_corners, nicolae_overflow_two_pavilions,
          david_lair_generic, grunt_decor_mini_mirrors,
          minmay_misc_feat_diagonals, nicolae_elemental_shop,
          kennysheep_island_fort, uniq_maurice
D:9:      layout_roguey, serial_shops, nicolae_take_the_stairs, lightli_minifort
D:10:     layout_loops_ring, nicolae_overflow_hidden_temple,
          jmf_multi_god_temple, minmay_orc_entry_temple_small, uniq_gastronok,
          uniq_amaemon, uniq_erica
D:11:     layout_loops_ring
Lair:1:   layout_gridlike, serial_bayou_shore_b
Lair:2:   layout_cellular_growth, swamp_mist, nicolae_spider_entry_non_spiders,
          minmay_lair_oklob_items, forest_entry_grove, uniq_nergalle
Lair:3:   layout_gridlike
Lair:5:   hangedman_lair_tendril_chambers, layout_gridlike,
          hangedman_lair_caniforms_friends, minmay_slime_entry_pillars,
          nicolae_lair_yak_garden, uniq_rupert

Skill      XL: |  1  2  3  4  5  6  7  8  9 10 11 12 |
---------------+-------------------------------------+-----
Axes           | 2 3 4 5 6 8 9 11 13 | 13.0
Armour         | 3 4 5 6 7 8 10 | 10.0
Fighting       | 4 5 6 7 9 10 11 12 | 12.3
Shields        | 3 4 5 |  5.9
Throwing       | 2 |  2.6
Dodging        | 2 |  2.5

Action                     |  1- 3 |  4- 6 |  7- 9 | 10-12 | 13-15 || total
---------------------------+-------+-------+-------+-------+-------++-------
  Melee: War axe           |    75 |   204 |   191 |   132 |       ||   602
         Battleaxe         |       |       |       |   219 |     3 ||   222
         Spear             |       |       |       |    29 |       ||    29
         Touch             |       |       |       |    11 |       ||    11
         Punch             |       |       |       |     1 |       ||     1
  Throw: Dart              |       |     6 |     2 |   102 |       ||   110
         Javelin           |       |     6 |     3 |    12 |       ||    21
 Invoke: Heroism           |       |       |       |     1 |       ||     1
  Evoke: Wand              |       |     3 |    30 |    38 |       ||    71
         Lightning rod     |       |       |       |     7 |       ||     7
    Use: Potion            |     4 |     9 |     5 |     9 |     1 ||    28
         Scroll            |     2 |     6 |    15 |    10 |     2 ||    35
   Stab: Invisible         |       |     5 |       |       |       ||     5
 Armour: Scale mail        |    13 |       |       |       |       ||    13
         Chain mail        |    40 |   106 |    99 |     5 |       ||   250
         Plate armour      |       |       |       |   234 |    11 ||   245
  Dodge: Dodged            |    36 |    68 |    76 |   129 |    11 ||   320
  Block: Buckler           |    29 |    66 |    44 |       |       ||   139
         Kite shield       |       |       |       |    47 |       ||    47

Table legend: (Time is in decaauts)
 A = Elapsed time spent in this place.
 B = Non-inter-level travel time spent in this place.
 C = Inter-level travel time spent in this place.
 D = Time resting spent in this place.
 E = Time spent auto-exploring this place.
 F = Levels seen in this place.
 G = Mean time per level.
                   A        B        C        D        E       F      G
               +--------+--------+--------+--------+--------+-----+--------+
         Total |  15484 |  14905 |    579 |    672 |  11678 |  15 | 1032.3 |
       Dungeon |  11930 |  11405 |    525 |    300 |   9228 |  11 | 1084.5 |
          Lair |   3553 |   3499 |     54 |    372 |   2450 |   4 |  888.2 |
               +--------+--------+--------+--------+--------+-----+--------+

Top non-repeatable levels by time:
     D:8: 1879 daAuts
  Lair:2: 1663 daAuts
  Lair:1: 1568 daAuts
    D:10: 1547 daAuts
     D:2: 1174 daAuts
     D:4: 1135 daAuts
     D:3: 1031 daAuts
    D:11: 963 daAuts
     D:9: 905 daAuts
     D:5: 867 daAuts
     D:6: 848 daAuts
     D:1: 810 daAuts
     D:7: 767 daAuts
  Lair:3: 302 daAuts
  Lair:5: 19 daAuts
